 Dungeon Crawl Stone Soup version 0.18-a0-1413-g4eaa9ac (webtiles) character file.

701 brucemayne the Grappler (level 7, -1/62 HPs)
             Began as a Troll Hunter on Feb 25, 2016.
             Slain by an unseen horror (9 damage)
             ... on level 6 of the Dungeon.
             The game lasted 00:07:24 (1568 turns).

brucemayne the Grappler (Troll Hunter)              Turns: 1568, Time: 00:07:24

Health: -1/62      AC:  7    Str: 26    XL:     7   Next: 38%
Magic:  6/6        EV: 10    Int:  7    God:
Gold:   129        SH:  0    Dex: 16    Spells: 0 memorised, 6 levels left

rFire  + . .     SeeInvis .       - Unarmed
rCold  . . .     Gourm    +     j - +2 robe {rF+}
rNeg   . . .     Faith    .     (no shield)
rPois  .         Spirit   .     (helmet restricted)
rElec  .         Dismiss  .     (no cloak)
rCorr  .         Reflect  .     (gloves unavailable)
SustAt .         Harm     .     (boots unavailable)
MR     .....                    (no amulet)
Stlth  ++........               s - +4 ring of dexterity
                                n - +5 ring of strength

@: not resistant to hostile enchantments, unstealthy
A: unfitting armour, claws 3, fast metabolism 3, gourmand, regeneration 2,
shaggy fur 1, tough skin 2
a: no special abilities


You were on level 6 of the Dungeon.
You were near starving.

You visited 2 branches of the dungeon, and saw 8 of its levels.

You collected 129 gold pieces.

Inventory:

Hand Weapons
 a - a +0 short sword
 i - a +1 morningstar of holy wrath
 m - a +0 flail
 p - a cursed -2 trident
 r - a +0 giant club
Missiles
 c - 4 large rocks (quivered)
 d - 2 throwing nets
Armour
 b - a +0 robe
 j - a +2 robe of fire resistance (worn)
Jewellery
 n - a +5 ring of strength (left claw)
 s - a +4 ring of dexterity (right claw)
Scrolls
 h - 3 scrolls of identify {unknown}
 l - a scroll of random uselessness {unknown}
 q - a scroll of blinking {unknown}
 v - a scroll of immolation {unknown}
Potions
 e - a potion of curing {unknown}
 g - a potion of heal wounds {unknown}
 k - a potion of lignification {unknown}
 o - a potion of resistance {unknown}
 w - a potion of ambrosia {unknown}
Books
 u - a book of Hinderance

   Spells                             Type                      Level
   a - Confusing Touch                Hexes                        2
   b - Confuse                        Hexes                        3
   c - Gell's Gravitas                Hexes/Translocation          3
   d - Petrify                        Transmutation/Earth          4
   e - Metabolic Englaciation         Hexes/Ice                    5
   f - Yara's Violent Unravelling     Hexes/Transmutation          5
Comestibles
 f - 6 bread rations
 t - a beef jerky


   Skills:
 - Level 1.5 Fighting
 - Level 3.6 Throwing
 - Level 1.5 Dodging
 - Level 0.4 Stealth
 + Level 8.1 Unarmed Combat


You had 6 spell levels left.
You didn't know any spells.

Dungeon Overview and Level Annotations

Branches:
Dungeon (7/15)             Temple (1/1) D:5

Altars:
Cheibriados
Elyvilon
Fedhas
Gozag
Kikubaaqudgha
Nemelex Xobeh
Okawaru
Qazlal
Sif Muna
Trog
Yredelemnul
Zin

Annotations:
D:4 exclusion: downstairs
D:5 Azzok's ghost, novice DrTm


Innate Abilities, Weirdness & Mutations

You are too large for most types of armour.
You have claws for hands.
Your metabolism is lightning-fast.
You like to eat raw meat.
You heal very quickly.
You are covered in fur (AC +1).
You have very tough skin (AC +2).


Message History

You closely miss the giant frog.
The giant frog is almost dead.
The giant frog hits you.
* * * LOW HITPOINT WARNING * * *
The quokka bites you but does no damage.
You claw the giant frog!
You kill the giant frog!
Your Unarmed Combat skill increases to level 8!
Something hits you.
* * * LOW HITPOINT WARNING * * *
The quokka bites you but does no damage.
Something hits you but does no damage.
Something hits the bush but does no damage.
Something hits you.
* * * LOW HITPOINT WARNING * * *
The quokka bites you.
* * * LOW HITPOINT WARNING * * *
You see here a giant frog corpse.
You barely miss the quokka. Something hits you!
You die...

#........# #........#
#........# #........#
#........# #........#
#......#####################
#......#.P.P.P.P.'.........#
#......#.......r@#.........#
###....#.........#.........#
#....#..P.P.P.P#.........#
#....#'##############'#########
#))..#..F..... #....#...>#
#)(..#.....Z.. #..⌠.#....#
#)...#........ #.⌠..#....#
#....#...r.... #....'....#
###....#........ ###########


You could see a quokka.

Vanquished Creatures
  Grinder (D:5)
  A black bear (D:6)
  An ogre (D:6)
  A giant frog (D:6)
  A scorpion (D:4)
  Ijyb (D:2)
  A giant frog skeleton (D:6)
  A worker ant (D:4)
  An orc wizard (D:7)
  3 gnolls (D:3)
  2 adders
  An ooze (D:2)
  An adder zombie (D:5)
  4 giant geckos
  7 orcs
  2 ball pythons
  2 bats (D:3)
  3 giant cockroaches
  2 hobgoblins
  4 jackals (D:5)
  2 kobolds
  4 giant newts
  A rat (D:3)
47 creatures vanquished.

Notes
Turn   | Place    | Note
--------------------------------------------------------------
     0 | D:1      | brucemayne the Troll Hunter began the quest for the Orb.
     0 | D:1      | Reached XP level 1. HP: 19/19 MP: 0/0
    87 | D:1      | Reached skill level 1 in Unarmed Combat
   140 | D:2      | Noticed Ijyb
   148 | D:2      | Reached XP level 2. HP: 22/27 MP: 1/1
   164 | D:2      | Killed Ijyb
   164 | D:2      | Reached skill level 3 in Unarmed Combat
   164 | D:2      | Reached XP level 3. HP: 30/33 MP: 2/2
   235 | D:3      | Reached XP level 4. HP: 2/41 MP: 3/3
   316 | D:4      | Reached skill level 4 in Unarmed Combat
   376 | D:5      | Entered Level 5 of the Dungeon
   385 | D:5      | Reached XP level 5. HP: 48/48 MP: 4/4
   432 | D:5      | Noticed Grinder
   438 | D:5      | Paralysed by Grinder for 5 turns
   446 | D:5      | Killed Grinder
   446 | D:5      | Reached skill level 6 in Unarmed Combat
   446 | D:5      | Reached XP level 6. HP: 55/55 MP: 5/5
   466 | D:5      | Noticed Azzok's ghost (novice DrTm)
   608 | D:5      | Found a staircase to the Ecumenical Temple.
   617 | Temple   | Entered the Ecumenical Temple
   868 | D:6      | Reached skill level 7 in Unarmed Combat
  1191 | D:6      | Reached XP level 7. HP: 55/62 MP: 6/6
  1566 | D:6      | Reached skill level 8 in Unarmed Combat
  1568 | D:6      | Slain by an unseen horror

Vault maps used:
D:1:      dpeg_arrival_round_a
D:2:      lemuel_doored_altar, serial_forest, infiniplex_forest_clump_tiny,
          infiniplex_forest_clump_medium, infiniplex_forest_lined_2,
          infiniplex_forest_side_room, uniq_iyjb, uniq_sigmund
D:4:      first_bread
D:5:      grunt_temple_overflow_lords_of_destruction, minmay_temple_entry_glass,
          minmay_holes, uniq_crazy_yiuf_cottage, uniq_grinder,
          uniq_prince_ribbit1
D:6:      minmay_klotski
D:7:      basic_altar
Temple:   dpeg_five_rooms_temple_12

Skill      XL: |  1  2  3  4  5  6  7 |
---------------+----------------------+-----
Unarmed Combat | 1 3 4 6 7 8 |  8.1
Fighting       | |  1.5
Throwing       | |  3.6
Dodging        | |  1.5
Stealth        | |  0.4

Action                   |  1- 3 |  4- 6 |  7- 9 || total
-------------------------+-------+-------+-------++-------
Melee: Unarmed           |    62 |    79 |    36 ||   177
Throw: Large rock        |       |     7 |       ||     7
  Eat: Chunk             |       |     5 |       ||     5
       Meat ration       |       |     1 |       ||     1
